 Dungeon Crawl Stone Soup version 0.30.2 (webtiles) character file.

Game seed: 12696584526443312407

18139 Ashen the Ogre Mage (level 12, -15/119 HPs)
             Began as an Ogre Ice Elementalist on Jan 24, 2024.
             Was a Priest of Vehumet.
             Killed from afar by a rime drake (20 damage)
             ... with an icy flash freeze
             ... on level 2 of the Lair of Beasts.
             The game lasted 00:39:19 (14452 turns).

Ashen the Ogre Mage (Ogre Ice Elementalist)        Turns: 14452, Time: 00:39:21

Health: -15/119    AC:  9    Str: 15    XL:     12   Next: 55%
Magic:  17/28      EV: 11    Int: 20    God:    Vehumet [***...]
Gold:   1263       SH:  0    Dex:  9    Spells: 19/36 levels left

rFire   . . .        x - +0 giant spiked club
rCold   . . .        (shield currently unavailable)
rNeg    . . .        D - +0 steam dragon scales
rPois   .            (helmet restricted)
rElec   .            A - +2 cloak {rCorr}
rCorr   +            (gloves unavailable)
SInv    .            (boots unavailable)
Will    +....        (no amulet)
Stlth   ++           (no ring)
HPRegen 0.39/turn    (no ring)
MPRegen 0.21/turn

%: no passive effects
@: hasted, studying Maces & Flails, very quick
A: large, unfitting armour, tough skin 1
a: Renounce Religion


You were on level 2 of the Lair of Beasts.
You worshipped Vehumet.
Vehumet was most pleased with you.
You visited 2 branches of the dungeon, and saw 13 of its levels.

You collected 1263 gold pieces.

Inventory:

Hand Weapons
 h - a +3 spear
 x - a +0 giant spiked club (weapon)
Missiles
 H - 2 throwing nets
Armour
 A - a +2 cloak of preservation (worn)
 D - +0 steam dragon scales (worn)
Magical Staves
 a - a staff of cold
Jewellery
 d - a ring of protection from cold
 f - a ring of fire
 j - a ring of ice
 v - a +4 ring of protection
 F - a ring of fire
Wands
 s - a wand of flame (16)
 y - a wand of roots (11)
 B - a wand of mindburst (9)
 G - a wand of digging (5)
Scrolls
 c - 2 scrolls of amnesia
 e - a scroll of identify
 l - 4 scrolls of poison {unknown}
 m - a scroll of brand weapon {unknown}
 o - a scroll of noise {unknown}
 p - 11 scrolls of teleportation
 r - 2 scrolls of enchant weapon {unknown}
 w - 2 scrolls of fog
 E - 2 scrolls of fear {unknown}
 I - a scroll of immolation
 J - 2 scrolls of vulnerability {unknown}
Potions
 b - a potion of magic
 g - 2 potions of flight
 i - a potion of cancellation
 k - 2 potions of lignification
 n - 8 potions of curing
 q - 3 potions of degeneration
 t - 2 potions of haste
 u - 6 potions of brilliance
 z - 3 potions of might
 C - a potion of resistance


   Skills:
 + Level 7.9 Fighting
 + Level 7.5 Maces & Flails
 + Level 6.1 Dodging
 - Level 3.0 Stealth
 * Level 12.9 Spellcasting
 * Level 6.4 Translocations
 * Level 11.2 Ice Magic


You had 19 spell levels left.
You knew the following spells:

 Your Spells              Type           Power      Damage    Failure   Level
a - Freeze                Ice            100%       1d10      1%          1
b - Frozen Ramparts       Ice            100%       1d16      1%          3
c - Ozocubu's Armour      Ice            55%        N/A       1%          3
d - Summon Ice Beast      Ice/Summ       35%        N/A       4%          4
e - Blink                 Tloc           76%        N/A       1%          2
f - Manifold Assault      Tloc           38%        N/A       3%          4

Your spell library contained the following spells:

 Spells                   Type           Power      Damage    Failure   Level
 Sticky Flame             Conj/Fire      12%        2d4       13%         4
 Foxfire                  Conj/Fire      48%        2x1d6     1%          1
 Gell's Gravitas          Tloc           38%        N/A       1%          3
 Teleport Other           Tloc           38%        N/A       1%          3
 Ice Form                 Ice/Tmut       35%        N/A       4%          4
 Sublimation of Blood     Necr           12%        N/A       8%          2
 Fireball                 Conj/Fire      6%         3d5       34%         5
 Irradiate                Conj/Tmut      6%         3d13      34%         5
 Lee's Rapid Deconstruct  Erth           6%         3d6*      34%         5
 Leda's Liquefaction      Hex/Erth       6%         N/A       45%         4
 Petrify                  Tmut/Erth      12%        N/A       45%         4
 Dispersal                Tloc           19%        N/A       50%         6
 Plasma Beam              Fire/Air       6%         2x1d18    86%         6
 Starburst                Conj/Fire      6%         6d4       86%         6
 Statue Form              Tmut/Erth      8%         N/A       100%        6
 Storm Form               Tmut/Air       6%         N/A       100%        7


Dungeon Overview and Level Annotations

Branches:
Dungeon (11/15)            Temple (0/1) D:6            Lair (2/5) D:10
    Orc (0/2) D:9
  Swamp: Lair:2-3    Shoals: Lair:2-3     Snake: Lair:2-3    Spider: Lair:2-3

Altars:
Cheibriados
Dithmenos
Elyvilon
Qazlal
Vehumet
Yredelemnul

Shops:
D:5 :   D:6 (

Annotations:
D:2 Sigmund
D:9 1 transporter


Innate Abilities, Weirdness & Mutations

You are too large for most types of armour.
You have tough skin. (AC +1)


Message History

The blink frog blinks! x2
The rime drake breathes ice at you. The icy flash freeze misses you.
The icy flash freeze hits the elephant!
The elephant is flash-frozen.
You feel stable enough to blink again.
Casting: Blink (safe; 1% risk of failure)
Confirm with . or Enter, or press ? or * to list all spells.
Space momentarily warps into an impossible shape!
You hit the elephant. You barely miss the blink frog.
The elephant is no longer encased in ice.
The blink frog blinks!
The rime drake breathes ice at you. The icy flash freeze hits you!!
You are encased in ice.
The blink frog closely misses you. The elephant tramples you!
* * * LOW HITPOINT WARNING * * *
You stumble backwards!
The blink frog blinks!
The elephant misses you.
The elephant trunk-slaps you but does no damage.
Casting: Manifold Assault (mildly dangerous; 3% risk of failure)
Confirm with . or Enter, or press ? or * to list all spells.
Space momentarily warps into an impossible shape!
You hit the elephant. You impale the elephant!! x2
You kill the elephant!
Vehumet accepts your kill.
You feel your power returning. The blink frog hits you!
* * * LOW HITPOINT WARNING * * *
The rime drake bites you but does no damage.
The elephant closely misses you. The elephant completely misses you.
The blink frog barely misses you.
You feel yourself speed up. The rime drake barely misses you.
The blink frog blinks!
The blink frog hits you!
* * * LOW HITPOINT WARNING * * *
The elephant tramples you.
* * * LOW HITPOINT WARNING * * *
You stumble backwards!
Unknown command.
The ice encasing you melts away. The rime drake breathes ice at you.
The icy flash freeze hits you!!
You die...

##.<.........
#..........$
#...........
###.........
#P§...[....
###..........
###............
#.#YkY.........
#@÷F.......P..
#.F............
#..............
.............#
..........#.P.
...........#..
..........###
.........#P#


You could see 2 elephants, 2 blink frogs and a rime drake (catching breath).

Vanquished Creatures
  3 two-headed ogres
  A death yak (Lair:1)
  Pikel (D:5)
  3 elephants
  A torpor snail (Lair:1)
  2 cane toads (Lair:1)
  A kobold demonologist (D:9)
  4 komodo dragons
  A troll (D:10)
  A hornet (D:11)
  3 blink frogs
  2 shadows (D:10)
  9 wyverns
  14 yaks
  Eustachio (D:4)
  5 vampire mosquitoes (D:10)
  A basilisk (Lair:1)
  2 steam dragons
  An acid dragon (D:4)
  6 water moccasins
  3 orc warriors
  6 black bears
  A sky beast (D:4)
  3 ice beasts
  4 ogres
  A wolf (D:10)
  6 centaurs
  A phantom (D:6)
  4 lemures (D:5)
  A kobold brigand (D:8)
  4 bullfrogs
  A gnoll sergeant (D:10)
  3 scorpions
  6 killer bees (D:10)
  2 howler monkeys
  3 jellies
  2 hounds
  6 orc priests
  A gnoll bouda (D:6)
  Crazy Yiuf (D:5)
  3 iguanas
  7 orc wizards
  8 adders
  8 gnolls
  A shadow imp (D:7)
  2 white imps (D:7)
  An ufetubus (D:5)
  4 worms
  5 dart slugs
  28 orcs
  8 ball pythons
  5 endoplasms
  4 giant cockroaches
  6 goblins
  7 hobgoblins
  4 jackals (D:1)
  4 quokkas
  4 bats
  2 frilled lizards (D:2)
  11 kobolds
  3 rats
246 creatures vanquished.

Notes
Turn   | Place    | Note
-------+----------+-------------------------------------------
     0 | D:1      | Ashen the Ogre Ice Elementalist began the quest for the
                  | Orb.
     0 | D:1      | Reached XP level 1. HP: 16/16 MP: 3/3
   198 | D:1      | Reached XP level 2. HP: 23/24 MP: 2/5
   581 | D:1      | Reached XP level 3. HP: 32/32 MP: 7/7
   585 | D:1      | Learned a level 3 spell: Frozen Ramparts
   589 | D:1      | Learned a level 3 spell: Ozocubu's Armour
   783 | D:1      | Reached skill level 3 in Spellcasting
   903 | D:2      | Reached skill level 1 in Fighting
   969 | D:2      | Noticed Sigmund
  1159 | D:2      | Reached XP level 4. HP: 41/41 MP: 2/8
  1276 | D:2      | Found a faded altar of an unknown god.
  2554 | D:4      | Found a stormy altar of Qazlal.
  2554 | D:4      | Noticed Eustachio
  2670 | D:4      | Killed Eustachio
  2671 | D:4      | Reached skill level 1 in Maces & Flails
  2671 | D:4      | Reached skill level 4 in Spellcasting
  2671 | D:4      | Reached XP level 5. HP: 43/49 MP: 2/11
  2671 | D:4      | Reached XP level 6. HP: 50/57 MP: 2/12
  2999 | D:4      | Noticed a sky beast
  3006 | D:4      | Killed a sky beast
  3009 | D:4      | Noticed an ice beast
  3031 | D:4      | Killed an ice beast
  3032 | D:4      | Reached XP level 7. HP: 47/66 MP: 5/14
  3146 | D:4      | Reached skill level 5 in Ice Magic
  3646 | D:4      | Reached skill level 5 in Spellcasting
  4178 | D:4      | Learned a level 4 spell: Summon Ice Beast
  4374 | D:4      | Reached XP level 8. HP: 17/76 MP: 8/16
  4698 | D:5      | Entered Level 5 of the Dungeon
  4710 | D:5      | Found a runed translucent door.
  4711 | D:5      | Noticed Crazy Yiuf
  4719 | D:5      | Killed Crazy Yiuf
  4827 | D:5      | Found Qowelil's Vocational Training.
  5190 | D:5      | Noticed Pikel
  5254 | D:5      | Killed Pikel
  5255 | D:5      | Reached skill level 6 in Spellcasting
  5651 | D:5      | Found a radiant altar of Vehumet.
  5655 | D:5      | Became a worshipper of Vehumet
  5663 | D:5      | Found a snail-covered altar of Cheibriados.
  5887 | D:6      | Learned a level 2 spell: Blink
  5892 | D:6      | Learned a level 4 spell: Manifold Assault
  5898 | D:6      | Found Dot Lay's Weapon Emporium.
  5973 | D:6      | Reached XP level 9. HP: 80/87 MP: 19/19
  6085 | D:6      | Found a staircase to the Ecumenical Temple.
  6238 | D:6      | Reached skill level 5 in Fighting
  6238 | D:6      | Reached skill level 1 in Translocations
  6396 | D:6      | Reached skill level 10 in Spellcasting
  6396 | D:6      | Reached XP level 10. HP: 96/96 MP: 19/24
  6427 | D:6      | Identified a scroll of acquirement
  6427 | D:6      | Acquired a staff of cold
  7293 | D:7      | Reached skill level 5 in Translocations
  7783 | D:7      | Found a shadowy altar of Dithmenos.
  7783 | D:7      | Found a white marble altar of Elyvilon.
  7810 | D:7      | Reached * piety under Vehumet
  7810 | D:7      | Offered knowledge of Sandblast by Vehumet.
  7811 | D:7      | Reached skill level 11 in Spellcasting
  8281 | D:8      | Noticed a two-headed ogre
  8435 | D:8      | Killed a two-headed ogre
  8436 | D:8      | Reached skill level 5 in Maces & Flails
  8795 | D:8      | Noticed a two-headed ogre
  8806 | D:8      | Killed a two-headed ogre
  8807 | D:8      | Reached skill level 10 in Ice Magic
  8807 | D:8      | Reached XP level 11. HP: 69/105 MP: 17/26
  9384 | D:8      | Reached ** piety under Vehumet
  9788 | D:9      | Offered knowledge of Shock by Vehumet.
  9789 | D:9      | Reached skill level 5 in Dodging
  9828 | D:9      | Found a staircase to the Orcish Mines.
 10343 | D:9      | Found a transporter.
 10346 | D:9      | Found a transporter.
 10348 | D:9      | Found a transporter.
 10351 | D:9      | Found a transporter.
 10515 | D:9      | Acquired 538 gold pieces
 10830 | D:10     | Entered Level 10 of the Dungeon
 11145 | D:10     | Found a basalt altar of Yredelemnul.
 11165 | D:10     | Noticed a two-headed ogre
 11171 | D:10     | Killed a two-headed ogre
 11172 | D:10     | Reached skill level 12 in Spellcasting
 11634 | D:10     | Found a staircase to the Lair.
 12090 | D:10     | Offered knowledge of Momentum Strike by Vehumet.
 12405 | D:11     | Noticed a deep elf pyromancer
 12551 | D:11     | Noticed a skeletal warrior
 12551 | D:11     | Noticed a boulder beetle
 12552 | D:11     | Noticed a two-headed ogre
 12625 | Lair:1   | Entered Level 1 of the Lair of Beasts
 12638 | Lair:1   | Reached XP level 12. HP: 108/118 MP: 14/28
 13359 | Lair:1   | Reached *** piety under Vehumet
 14027 | Lair:2   | Noticed a death yak
 14048 | Lair:1   | Killed a death yak
 14386 | Lair:1   | Offered knowledge of Sticky Flame by Vehumet.
 14451 | Lair:2   | HP: 5/119 [elephant (2)]
 14452 | Lair:2   | Killed from afar by a rime drake

Illustrated notes

Levels and vault maps discovered:
D:1:      nzn_arrival_settlement, layout_basic
D:2:      layout_rooms, serial_bayou, serial_bayou_lake_a, serial_bayou_pond_c,
          serial_bayou_lagoon_b, serial_bayou_shore_a, serial_bayou_pond_d,
          serial_bayou_crossing, dreamdust_ecumenical_altar_hidden_monk_grotto,
          uniq_sigmund
D:3:      layout_basic
D:4:      layout_basic, nicolae_qazlal_general_emergency, grunt_ministairs_9,
          minmay_manual_mandibuliform, uniq_eustachio
D:5:      layout_loops_ring, mainiacjoe_overflow_big_doors,
          nicolae_shop_vocational, uniq_pikel, uniq_crazy_yiuf_cottage
D:6:      layout_gridville, minmay_temple_entry_wispy,
          cheibrodos_sewer_entry_bend, serial_shops,
          nicolae_shop_tiny_waterfront, abandoned_shop
D:7:      layout_loops_ring, nicolae_overflow_two_pavilions
D:8:      layout_basic
D:9:      layout_loops_corners, orc_0_dummy, minmay_holes,
          nicolae_transporter_circle
D:10:     layout_stronghold, kennysheep_little_box, minmay_lair_entry_grove,
          nicolae_figureground_sparkle
D:11:     minmay_the_grid_square_5x5_4x4_mashed
          [minmay_the_grid_square_5x5_forky,
          minmay_the_grid_square_5x5_gyroscope,
          minmay_the_grid_square_5x5_checkered_statues,
          minmay_the_grid_square_5x5_empty,
          minmay_the_grid_square_5x5_three_walls,
          minmay_the_grid_square_5x5_prize_pseudospiral,
          minmay_the_grid_square_5x5_prize_open,
          minmay_the_grid_square_5x5_n_small, minmay_the_grid_square_5x5_plus,
          minmay_the_grid_square_5x5_prize_deathbox,
          minmay_the_grid_square_5x5_prize_open,
          minmay_the_grid_square_5x5_fat_x, minmay_the_grid_square_5x5_percent,
          minmay_the_grid_square_5x5_c, minmay_the_grid_square_5x5_inset,
          minmay_the_grid_square_5x5_pentomino_r], layout_gridville
Lair:1:   layout_gridlike, serial_bayou_pond_c, grunt_megastairs_1
Lair:2:   layout_hall_layers, gauntlet_entry_generic, grunt_megastairs_3

Skill      XL: |  1  2  3  4  5  6  7  8  9 10 11 12 |
---------------+-------------------------------------+-----
Dodging        | 2 3 4 5 6 |  6.1
Spellcasting   | 3 4 5 6 10 11 12 | 12.9
Fighting       | 1 2 3 4 5 7 |  7.9
Ice Magic      | 4 5 6 9 10 11 | 11.2
Maces & Flails | 1 2 4 5 6 7 |  7.5
Stealth        | 2 3 |  3.0
Translocations | 4 5 6 |  6.4

Action                     |  1- 3 |  4- 6 |  7- 9 | 10-12 || total
---------------------------+-------+-------+-------+-------++-------
  Melee: Unarmed           |    29 |       |       |       ||    29
         Spear             |    53 |   101 |       |       ||   154
         Giant club        |       |    18 |    29 |       ||    47
         Giant spiked club |       |       |   157 |   340 ||   497
   Cast: Freeze            |    21 |    15 |    52 |    52 ||   140
         Ozocubu's Armour  |       |     5 |    10 |    31 ||    46
         Frozen Ramparts   |       |     4 |    14 |    38 ||    56
         Manifold Assault  |       |       |       |    61 ||    61
         Blink             |       |       |       |     1 ||     1
  Evoke: Wand              |       |       |       |     1 ||     1
    Use: Scroll            |       |       |     4 |    16 ||    20
         Potion            |       |       |     1 |     2 ||     3
   Stab: Sleeping          |     3 |       |     4 |     2 ||     9
 Armour: Robe              |    31 |    45 |   107 |       ||   183
         Steam dragon scal |       |       |       |   233 ||   233
  Dodge: Dodged            |    38 |    60 |   157 |   279 ||   534
